 Dungeon Crawl Stone Soup version 0.30-a0-1160-g6e42c06551 (webtiles) character file.

Game seed: 3713156581396432811

52 Jase the Grasshopper (level 3, -3/31 HPs)
             Began as an Armataur Warper on Apr 25, 2023.
             Was a Believer of Uskayaw.
             Slain by an orc
             ... wielding a +0 mace
              (5 damage)
             ... on level 3 of the Dungeon.
             The game lasted 00:07:22 (1447 turns).

Jase the Grasshopper (Armataur Warper)              Turns: 1447, Time: 00:07:23

Health: -3/31      AC:  7    Str: 16    XL:     3   Next: 60%
Magic:  5/5        EV:  9    Int: 15    God:    Uskayaw [**....]
Gold:   61         SH:  0    Dex:  9    Spells: 3/5 levels left

rFire   . . .        a - +0 falchion
rCold   . . .        (no shield)
rNeg    . . .        b - +0 leather armour
rPois   .            r - +2 hat
rElec   .            g - +0 cloak
rCorr   .            (no gloves)
SInv    .            (no barding)
Will    .....        (no amulet)
Stlth   +            (no ring)
HPRegen 0.25/turn    (no ring)
MPRegen 0.09/turn

%: roll
@: attractive
A: large, rugged brown scales 3, deformed body, armoured tail, roll, long
tongue, awkward tongue
a: Renounce Religion, Stomp, Line Pass


You were on level 3 of the Dungeon.
You worshipped Uskayaw.
Uskayaw was noncommittal.
You visited 1 branch of the dungeon, and saw 3 of its levels.

You collected 61 gold pieces.

Inventory:

Hand Weapons
 a - a +0 falchion (weapon)
 l - a +1 dagger of protection
Missiles
 d - 7 boomerangs of dispersal (quivered)
 h - 18 stones
Armour
 b - a +0 leather armour (worn)
 g - a +0 cloak (worn)
 r - a +2 hat (worn)
Scrolls
 c - a scroll of blinking
 e - 4 scrolls of vulnerability {unknown}
 f - 2 scrolls of teleportation {unknown}
 k - a scroll of acquirement {unknown}
 n - a scroll of amnesia {unknown}
 o - a scroll of identify {unknown}
 p - a scroll of noise {unknown}
 q - a scroll of immolation {unknown}
Potions
 i - a potion of attraction
 j - 3 potions of degeneration {unknown}
 m - a potion of resistance {unknown}
 s - 2 potions of lignification {unknown}
 t - a potion of brilliance {unknown}


   Skills:
 + Level 2.1 Fighting
 * Level 2.6 Long Blades
 - Level 1.0 Throwing
 + Level 1.9 Armour
 + Level 1.7 Dodging
 - Level 1.7 Spellcasting
 + Level 3.2 Translocations
 + Level 0.2 Invocations


You had 3 spell levels left.
You knew the following spells:

 Your Spells              Type           Power      Damage    Failure   Level
a - Blink                 Tloc           22%        N/A       11%         2

Your spell library contained the following spells:

 Spells                   Type           Power      Damage    Failure   Level
 Lesser Beckoning         Tloc           22%        N/A       11%         2
 Teleport Other           Tloc           11%        N/A       22%         3
 Necrotise                Necr           4%         1d4       28%         1
 Vhi's Electric Charge    Tloc/Air       12%        N/A       41%         3
 Vampiric Draining        Necr           1%         2d6       63%         3
 Manifold Assault         Tloc           11%        N/A       58%         4
 Summon Lightning Spire   Summ/Air       1%         N/A       95%         4
 Agony                    Necr           1%         N/A       100%        5
 Storm Form               Tmut/Air       0%         N/A       100%        7
 Maxwell's Capacitive Co  Air            0%         ∞         100%        8


Dungeon Overview and Level Annotations

Branches:
Dungeon (2/15)

Altars:
Uskayaw


Innate Abilities, Weirdness & Mutations

You are completely covered in rugged brown scales. (AC +3, +7% HP)
Armour fits poorly on your strangely shaped body.
You have a long armoured tail.
You roll when moving toward enemies. (Rampage)
Your long tongue fully drains potion bottles. (2x potion effects)
Your tongue gives you trouble enunciating. (1.5x scroll delay)


Message History

The orc is lightly wounded.
The orc hits you with a +0 dagger. The orc hits you with a +0 short sword.
The orc barely misses you.
You barely miss the orc.
The orc is lightly wounded.
The orc barely misses you. x2; The orc hits you but does no damage.
You hit the orc.
The orc is almost dead.
The orc priest looks encouraged for a moment.
The orc hits you but does no damage. The orc misses you.
The orc hits you but does no damage.
The orc priest begins to cast a cantrip, but forgets the words!
The orc hits you with a +0 short sword. The orc hits you with a +0 flail.
The orc closely misses you.
You can now pass through a line of other dancers.
You barely miss the orc.
The orc is almost dead.
The orc priest invokes the aid of Beogh against you.
Beogh smites you! The orc hits you but does no damage.
The orc hits you with a +0 short sword. The orc hits you with a +0 flail.
* * * LOW HITPOINT WARNING * * *
Unknown command.
You hit the orc.
You kill the orc!
The orc hits you with a +0 dagger.
* * * LOW HITPOINT WARNING * * *
The orc closely misses you.
Unknown command.
You hit the orc.
The orc is almost dead.
The orc misses you. The orc hits you but does no damage.
The orc priest calls upon Beogh to heal the orc.
The orc is healed somewhat.
The orc closely misses you. The orc hits you with a +0 hand axe.
* * * LOW HITPOINT WARNING * * *
It was a potion of attraction.
You feel attractive to monsters.
You slurp down every last drop of the potion of attraction!
The orc hits you with a +0 mace.
You die...

#######...............
#.....................
#......†##############
#.......# ##.......#
#........# #.....o###
#....oo# #....o@#
#....o.# #......#
#......# ########


You could see an orc priest and 4 orcs.

Vanquished Creatures
  An adder (D:2)
  3 dart slugs (D:1)
  2 orcs (D:3)
  2 ball pythons (D:1)
  3 endoplasms
  4 giant cockroaches
  A goblin (D:2)
  2 hobgoblins
  2 jackals (D:1)
  A quokka (D:1)
  5 bats
  2 kobolds
  4 rats
32 creatures vanquished.

Notes
Turn   | Place    | Note
-------+----------+-------------------------------------------
     0 | D:1      | Jase the Armataur Warper began the quest for the Orb.
     0 | D:1      | Reached XP level 1. HP: 18/18 MP: 3/3
    54 | D:1      | Reached skill level 1 in Throwing
   269 | D:1      | Reached XP level 2. HP: 25/25 MP: 4/4
   368 | D:1      | Learned a level 2 spell: Blink
   605 | D:1      | HP: 1/25 [dart slug (2)]
   777 | D:1      | Found a faded altar of an unknown god.
   790 | D:1      | Prayed at the altar of an unknown god.
   790 | D:1      | Became a worshipper of Uskayaw the Reveller
   790 | D:1      | Reached * piety under Uskayaw
  1013 | D:2      | Reached XP level 3. HP: 24/31 MP: 5/5
  1370 | D:2      | You fall into a shaft and drop 1 floor!
  1443 | D:3      | Reached ** piety under Uskayaw
  1447 | D:3      | Slain by an orc

Illustrated notes

Levels and vault maps discovered:
D:1:      dpeg_arrival_prison, layout_loops_ring,
          ebering_ecumenical_altar_abandoned, amethyst_killhole, minmay_tripent
D:2:      layout_loops_corners, kennysheep_generic_room_5
D:3:      layout_basic, serial_shops, shop, gammafunk_ghost_grave,
          minmay_misc_feat_four_crosses

Skill      XL: |  1  2 |
---------------+-------+-----
Throwing       | 1 |  1.0
Long Blades    | 2 |  2.6
Fighting       | 2 |  2.1
Armour         | |  1.9
Dodging        | |  1.7
Spellcasting   | |  1.7
Translocations | |  3.2
Invocations    | |  0.2

Action                     || total
---------------------------++-------
  Melee: Falchion          ||   113
         Tailslap          ||     9
    Use: Potion            ||     1
   Stab: Sleeping          ||     1
 Armour: Leather armour    ||    55
  Dodge: Dodged            ||    58

Table legend: (Time is in decaauts)
 A = Elapsed time spent in this place.
 B = Non-inter-level travel time spent in this place.
 C = Inter-level travel time spent in this place.
 D = Time resting spent in this place.
 E = Time spent auto-exploring this place.
 F = Levels seen in this place.
 G = Mean time per level.
                   A        B        C        D        E       F      G
               +--------+--------+--------+--------+--------+-----+--------+
         Total |   1467 |   1437 |     30 |    110 |    994 |   3 |  489.0 |
       Dungeon |   1467 |   1437 |     30 |    110 |    994 |   3 |  489.0 |
               +--------+--------+--------+--------+--------+-----+--------+

Top non-repeatable levels by time:
     D:1: 1021 daAuts
     D:2: 367 daAuts
     D:3: 79 daAuts
